 Dungeon Crawl Stone Soup version 0.25-a0-479-g8579842fd4 (webtiles) character file.

Game seed: 385861210148799688, levelgen mode: deterministic

102 Alarak the Conjurer (level 4, -2/24 HPs)
             Began as a Deep Elf Conjurer on Feb 9, 2020.
             Killed by divine providence
             ... invoked by an orc priest
              (9 damage)
             ... on level 3 of the Dungeon.
             The game lasted 00:07:01 (1487 turns).

Alarak the Conjurer (Deep Elf Conjurer)             Turns: 1487, Time: 00:07:01

Health: -2/24      AC:  3    Str:  5    XL:     4   Next: 49%
Magic:  6/12       EV: 13    Int: 21    God:
Gold:   145        SH:  0    Dex: 15    Spells: 5/11 levels left

rFire    . . .     SeeInvis .   (no weapon)
rCold    . . .     Gourm    .   (no shield)
rNeg     . . .     Faith    .   a - +0 robe
rPois    .         Spirit   .   (no helmet)
rElec    .         Reflect  .   l - +0 cloak
rCorr    .         Harm     .   (no gloves)
MR       .....                  (no boots)
Stlth    ++........             (no amulet)
HPRegen  0.08/turn              (no ring)
MPRegen  0.13/turn              (no ring)

@: no status effects
A: no striking features
a: no special abilities


You were on level 3 of the Dungeon.
You were not hungry.

You visited 1 branch of the dungeon, and saw 3 of its levels.

You collected 145 gold pieces.

Inventory:

Hand Weapons
 f - a +0 club
 h - a +0 short sword
Armour
 a - a +0 robe (worn)
 l - a +0 cloak (worn)
Scrolls
 d - a scroll of immolation {unknown}
 e - 2 scrolls of random uselessness {unknown}
 g - 3 scrolls of teleportation {unknown}
 j - a scroll of enchant armour {unknown}
 k - 4 scrolls of identify {unknown}
 m - a scroll of enchant weapon {unknown}
 o - 4 scrolls of remove curse {unknown}
 q - a scroll of fear {unknown}
 r - a scroll of amnesia {unknown}
Potions
 b - a potion of heal wounds {unknown}
 i - a potion of curing {unknown}
 p - a potion of lignification {unknown}
Comestibles
 c - 4 rations
 n - 6 chunks of flesh


   Skills:
 + Level 2.8 Dodging
 - Level 2.4 Stealth
 + Level 4.0 Spellcasting
 + Level 6.0 Conjurations


You had 5 spell levels left.
You knew the following spells:

 Your Spells              Type           Power        Failure   Level  Hunger
a - Magic Dart            Conj           ####         1%          1    None
b - Searing Ray           Conj           ####..       1%          2    #......
c - Dazzling Flash        Conj/Hex       ###...       11%         3    ###....

Your spell library contained the following spells:

 Spells                   Type           Power        Failure   Level  Hunger
 Fulminant Prism          Conj/Hex       ###.......   34%         4    ####...
 Iskenderun's Mystic Bla  Conj/Tloc      ###.....     34%         4    ####...


Dungeon Overview and Level Annotations

Branches:
Dungeon (3/15)

Altars:


Message History

The searing ray hits the orc priest!
The orc priest is heavily wounded.
The searing ray hits the orc priest!
The orc priest is severely wounded.
The searing ray hits the orc.
The orc is heavily wounded.
The orc priest hits you with a +0 whip.
* * * LOW HITPOINT WARNING * * *
The searing ray hits the orc priest.
You kill the orc priest!
Your Spellcasting skill increases to level 4!
Your Conjurations skill increases to level 6!
The searing ray misses the orc.
You finish channeling your searing ray.
The orc priest closely misses you.
The orc priest calls upon Beogh to heal the orc.
The orc's wounds heal themselves!
There is a stone staircase leading up here.
The orc priest mumbles some strange prayers to Beogh against you.
Beogh smites you!
You die...

. ......#
..
.....##
... ..>..
... ...##
#.. #.).#
#...#.).#
+.....o.#
#...#..o#
#......@#
#....##.#
#.... #.#
####> #.#
#. #.# #.
#.# #.#
...


You could see an orc priest and an orc.

Vanquished Creatures
  A hound (D:2)
  An orc priest (D:3)
  2 dart slugs (D:1)
  An orc (D:3)
  6 goblins
  5 hobgoblins
  4 kobolds (D:1)
  A quokka (D:2)
  5 bats
  5 frilled lizards
  7 rats
38 creatures vanquished.

Notes
Turn   | Place    | Note
-------+----------+-------------------------------------------
     0 | D:1      | Alarak the Deep Elf Conjurer began the quest for the Orb.
     0 | D:1      | Reached XP level 1. HP: 10/10 MP: 6/6
   294 | D:1      | Reached XP level 2. HP: 15/15 MP: 2/8
   391 | D:1      | Learned a level 2 spell: Searing Ray
   462 | D:1      | Reached skill level 5 in Conjurations
   862 | D:1      | Reached XP level 3. HP: 19/19 MP: 6/9
  1250 | D:2      | Reached XP level 4. HP: 24/24 MP: 9/11
  1255 | D:2      | Learned a level 3 spell: Dazzling Flash
  1484 | D:3      | Reached skill level 6 in Conjurations
  1487 | D:3      | Killed from afar by an orc priest

Levels and vault maps discovered:
D:1:      minmay_arrival_widening_spiral_wide, layout_basic, fountainhead
D:2:      layout_basic
D:3:      corexii_shack_village, layout_basic, grunt_qazlal_clouds

Skill      XL: |  1  2  3  4 |
---------------+-------------+-----
Conjurations   | 5 6 |  6.0
Spellcasting   | 4 |  4.0
Dodging        | |  2.8
Stealth        | |  2.4

Action                   |  1- 3 |  4- 6 || total
-------------------------+-------+-------++-------
Melee: Unarmed           |     1 |       ||     1
 Cast: Magic Dart        |    51 |     5 ||    56
       Searing Ray       |     3 |     1 ||     4
  Eat: Chunk             |     1 |     1 ||     2
Dodge: Dodged            |     5 |     2 ||     7

Table legend:
 A = Non-vault XP
 B = Vault XP
 C = Vault XP percentage of total XP
 D = Non-vault monster count
 E = Vault monster count
 F = Vault count percentage of total count
                 A         B        C        D         E       F
            +---------+---------+-------+---------+---------+-------
      Total |     146 |       0 |   0.0 |      38 |       0 |   0.0
            +---------+---------+-------+---------+---------+-------
        D:1 |      44 |       0 |   0.0 |      26 |       0 |   0.0
        D:2 |      58 |       0 |   0.0 |      10 |       0 |   0.0
        D:3 |      44 |       0 |   0.0 |       2 |       0 |   0.0
            +---------+---------+-------+---------+---------+-------
